 Dungeon Crawl Stone Soup version 0.22-a0-247-gbddf880757 (webtiles) character file.

23 Peterchen the Sneak (level 2, 0/13 HPs)
             Began as a Spriggan Enchanter on Feb 24, 2018.
             Succumbed to an adder's poison
             ... on level 2 of the Dungeon.
             The game lasted 00:06:23 (1937 turns).

Peterchen the Sneak (Spriggan Enchanter)            Turns: 1937, Time: 00:06:23

Health: 0/13       AC:  2    Str:  4    XL:     2   Next: 72%
Magic:  7/7        EV: 18    Int: 16    God:
Gold:   107        SH:  5    Dex: 16    Spells: 6/7 levels left

rFire    . . .     SeeInvis +   a - +1 dagger
rCold    . . .     Gourm    .   f - +0 buckler (curse)
rNeg     . . .     Faith    .   g - +0 robe
rPois    .         Spirit   .   (helmet restricted)
rElec    .         Reflect  .   (no cloak)
rCorr    .         Harm     .   (gloves unavailable)
MR       .....                  (boots unavailable)
Stlth    +++.......             (no amulet)
HPRegen  0.04/turn              (no ring)
MPRegen  0.10/turn              (no ring)

@: lethally poisoned (0 -> -5), very quick
A: very small, unfitting armour, see invisible, herbivore, speed 3, slow
metabolism 2
a: no special abilities


You were on level 2 of the Dungeon.
You were not hungry.

You visited 1 branch of the dungeon, and saw 2 of its levels.

You collected 107 gold pieces.

Inventory:

Hand Weapons
 a - a +1 dagger (weapon)
Armour
 f - a cursed +0 buckler (worn)
 g - a +0 robe (worn)
Jewellery
 j - an uncursed ring of protection from magic {unknown}
Scrolls
 b - a scroll of fog {unknown}
 h - 3 scrolls of identify {unknown}
 k - a scroll of enchant armour {unknown}
Potions
 d - a potion of cancellation {unknown}
 e - 3 potions of agility {unknown}
 i - a potion of haste {unknown}
Comestibles
 c - 5 rations


   Skills:
 * Level 1.9 Short Blades
 + Level 3.4 Dodging
 + Level 4.7 Stealth
 + Level 3.0 Spellcasting
 + Level 3.9 Hexes


You had 6 spell levels left.
You knew the following spells:

 Your Spells              Type           Power        Failure   Level  Hunger
a - Corona                Hex            ##.....      6%          1    #......


Dungeon Overview and Level Annotations

Branches:
Dungeon (2/15)

Altars:


Innate Abilities, Weirdness & Mutations

You are very small and have problems with some larger weapons.
You are too small for most types of armour.
You have supernaturally acute eyesight. (SInv)
You are a herbivore.
You cover ground extremely quickly.
You need consume almost no food.


Message History

You feel sick. The adder misses you.
You hit the adder but do no damage.
The adder is moderately wounded.
You block the adder's attack.
You barely miss the adder.
The adder is moderately wounded.
* * * LOW HITPOINT WARNING * * *
You feel sick. The adder barely misses you.
You barely miss the adder.
The adder is moderately wounded.
The adder misses you. You block the adder's attack.
You closely miss the adder.
The adder is moderately wounded.
The adder misses you.
You hit the adder but do no damage.
The adder is moderately wounded.
The adder closely misses you.
You barely miss the adder.
The adder is moderately wounded.
You die...

#........# #.#..# #.#
#..#####.#####..#### #.#
#.)#####.##........# #.#
#.....##.##.######.####.#
#.###.....#...##...#....#
#.######.####.##.########
#........##.#.##...#
###########.######.#
#.@S.....# ####..####
#.#..# #.#..# ########
#.#..# #.S..>.# #.#..#
#.##.#.####.#S####
####.#.#...S........#
#....##.#w##.....##.#


You could see an adder.

Vanquished Creatures
  3 leopard geckos
  2 bats
  2 goblins (D:2)
  A hobgoblin (D:2)
  2 jackals (D:1)
  A ball python (D:1)
  3 frilled lizards
  2 kobolds
  5 rats
21 creatures vanquished.

Notes
Turn   | Place    | Note
-------+----------+-------------------------------------------
     0 | D:1      | Peterchen the Spriggan Enchanter began the quest for the Orb.
     0 | D:1      | Reached XP level 1. HP: 9/9 MP: 5/5
   340 | D:1      | Reached XP level 2. HP: 13/13 MP: 6/6
  1937 | D:2      | Succumbed to an adder's poison

Vault maps used:
D:1:      evilmike_arrival_plus
D:2:      bh_walls_and_bars

Skill      XL: |  1  2 |
---------------+-------+-----
Spellcasting   | 3 |  3.0
Short Blades   | |  1.9
Dodging        | |  3.4
Stealth        | |  4.7
Hexes          | |  3.9

Action                   || total
-------------------------++-------
Melee: Dagger            ||    98
 Cast: Corona            ||     1
 Stab: Sleeping          ||     9
       Distracted        ||     1
Armor: Robe              ||     4
Dodge: Dodged            ||    62
Block: Buckler           ||    15

Table legend:
 A = Spawn XP
 B = Non-spawn XP
 C = Spawn XP percentage of total XP
 D = Spawn monster count
 E = Non-spawn monster count
 F = Spawn count percentage of total count
 G = Total turns spent on level
                    A         B        C        D         E        F      G
               +---------+---------+-------+---------+---------+-------+---------
         Total |       0 |      33 |   0.0 |       0 |      21 |   0.0 |  1937
               +---------+---------+-------+---------+---------+-------+---------
           D:1 |       0 |      20 |   0.0 |       0 |      13 |   0.0 |   701
           D:2 |       0 |      13 |   0.0 |       0 |       8 |   0.0 |  1236
               +---------+---------+-------+---------+---------+-------+---------
